 Dungeon Crawl Stone Soup version 0.30-a0-414-gcb316572d5 (webtiles) character file.

Game seed: 5347790007031770420

2986 p00ps00p the Cleaver (level 9, 0/82 HPs)
             Began as a Hill Orc Fighter on Dec 7, 2022.
             Slain by an orc knight
             ... wielding a +0 battleaxe
              (18 damage)
             ... in a bailey.
             The game lasted 00:12:09 (6467 turns).

p00ps00p the Cleaver (Hill Orc Fighter)             Turns: 6467, Time: 00:12:09

Health: 0/82       AC: 15    Str: 23    XL:     9   Next: 83%
Magic:  9/9        EV:  8    Int:  8    God:
Gold:   288        SH:  5    Dex: 10    Spells: 8/8 levels left

rFire   . . .      SeeInvis .    p - +0 hand axe (venom)
rCold   . . .      Faith    .    c - +0 buckler
rNeg    . . .      Spirit   .    x - +2 chain mail {rPois}
rPois   +          Reflect  .    h - +0 helmet
rElec   .          Harm     .    (no cloak)
rCorr   .          Rampage  .    l - +0 pair of gloves
Will    .....                    (no boots)
Stlth   ..........               (no amulet)
HPRegen 0.33/turn                (no ring)
MPRegen 0.11/turn                (no ring)

@: hasted, studying Axes, very quick
A: no striking features
a: no special abilities


You were in a bailey.
You visited 2 branches of the dungeon, and saw 8 of its levels.
You also visited: Bailey.

You collected 453 gold pieces.
You spent 165 gold pieces at shops.

Inventory:

Hand Weapons
 a - a +1 war axe of flaming
 p - a +0 hand axe of venom (weapon)
Armour
 c - a +0 buckler (worn)
 h - a +0 helmet (worn)
 l - a +0 pair of gloves (worn)
 x - a +2 chain mail of poison resistance (worn)
Wands
 o - a wand of charming (8)
 u - a wand of digging (10)
Scrolls
 k - 7 scrolls of teleportation
 m - a scroll of summoning
 n - a scroll of butterflies
 t - a scroll of vulnerability
Potions
 b - a potion of resistance
 d - 2 potions of might
 f - a potion of flight
 g - 2 potions of degeneration
 i - a potion of berserk rage
 j - 2 potions of lignification
 q - 5 potions of curing
 s - a potion of haste


   Skills:
 + Level 8.8 Fighting
 + Level 11.7 Axes
 + Level 8.0 Armour
 + Level 8.0 Shields


You had 8 spell levels left.
You didn't know any spells.
Your spell library contained the following spells:

 Spells                   Type           Power      Damage    Failure   Level
 Magic Dart               Conj           0%         1d3       98%         1
 Call Imp                 Summ           0%         N/A       99%         2
 Cigotuvi's Dreadful Rot  Necr/Pois/Air  0%         N/A       99%         2
 Poisonous Vapours        Pois/Air       0%         N/A       99%         2
 Mephitic Cloud           Conj/Pois/Air  0%         N/A       100%        3


Dungeon Overview and Level Annotations

Branches:
Dungeon (7/15)             Temple (1/1) D:7          Bailey (1/1)

Altars:
Ashenzari
Cheibriados
Dithmenos
Elyvilon
Hepliaklqana
Kikubaaqudgha
Makhleb
Nemelex Xobeh
Okawaru
Qazlal
Ru
Sif Muna
Trog
Uskayaw
Vehumet
Xom
Yredelemnul
Zin
The Shining One

Shops:
D:2 [   D:4 *:[:

Annotations:
D:7 2 transporters


Message History

The orc knight hits you but does no damage.
The orc warrior hits you with a +0 war axe!
* * * LOW HITPOINT WARNING * * *
You hit the orc knight but do no damage.
The orc knight looks as sick as possible!
The orc knight is moderately wounded.
You hit the orc warrior but do no damage.
The orc warrior looks as sick as possible!
Unknown command.
You miss the orc knight.
The orc knight is moderately wounded.
You hit the orc warrior.
The orc warrior looks as sick as possible!
You kill the orc warrior!
The orc knight completely misses you.
Your Shields skill increases to level 8!
You hit the orc knight.
The orc knight looks as sick as possible!
The orc knight is heavily wounded.
You hit the orc knight but do no damage.
The orc knight looks as sick as possible!
The orc knight is heavily wounded.
You block the orc knight's attack.
Unknown command.
You barely miss the orc knight.
The orc knight is heavily wounded.
Unknown command.
You hit the orc knight but do no damage.
The orc knight is heavily wounded.
You block the orc knight's attack.
Unknown command.
You slash the orc knight!
The orc knight looks as sick as possible!
The orc knight is severely wounded.
Unknown command.
You hit the orc knight.
The orc knight looks as sick as possible!
The orc knight is severely wounded.
The orc knight hits you with a +0 battleaxe!!
You die...

#.....#######
#.8############
#..# ......... #.8#
....... #).# .._..
##)# ... #))# ##'##
#..# #))o# #..#
#)@.# #..# #8.8#
#..# #...#
#+#'##+###8.8#
#..§.#[[.#...#
#..).#[[.#...# !#
###..######.######.
+.)).....∩.......
####÷~~~~~~~~~~##


You could see an orc knight (extremely poisoned).

Vanquished Creatures
  An orc sorcerer (Bailey)
  A kobold demonologist (Bailey)
  Prince Ribbit (D:6)
  Sigmund (D:5)
  A steam dragon (D:6)
  An ice beast (D:6)
  A black bear (D:7)
  3 orc warriors (Bailey)
  3 ogres
  A phantom (D:6)
  2 bullfrogs
  2 scorpions
  An electric eel (Bailey)
  2 hounds (D:6)
  3 orc priests
  A gnoll bouda (D:5)
  4 iguanas (D:5)
  Jessica (D:3)
  Ijyb (D:4)
  Terence (D:3)
  5 orc wizards
  Natasha (thrice) (D:3)
  7 gnolls
  4 adders
  A white imp (D:7)
  An ufetubus (D:4)
  A worm (D:4)
  4 dart slugs
  18 orcs
  3 bats
  9 endoplasms
  2 giant cockroaches
  9 goblins
  10 hobgoblins
  2 jackals (D:1)
  4 quokkas
  9 ball pythons
  6 frilled lizards
  9 kobolds
  4 rats
143 creatures vanquished.

Vanquished Creatures (others)
  A wizard (D:4)
  5 fungi (D:3)
  6 toadstools (D:3)
12 creatures vanquished.

Grand Total: 155 creatures vanquished

Notes
Turn   | Place    | Note
-------+----------+-------------------------------------------
     0 | D:1      | p00ps00p the Hill Orc Fighter began the quest for the Orb.
     0 | D:1      | Reached XP level 1. HP: 19/19 MP: 1/1
   256 | D:1      | Reached XP level 2. HP: 27/27 MP: 2/2
   377 | D:1      | Reached skill level 3 in Axes
  1101 | D:2      | Reached XP level 3. HP: 30/33 MP: 3/3
  1454 | D:2      | Found Hyacrew's Antique Armour Emporium.
  1795 | D:3      | Reached XP level 4. HP: 37/40 MP: 4/4
  1990 | D:3      | Noticed Terence
  1997 | D:3      | Killed Terence
  2188 | D:3      | Reached skill level 4 in Axes
  2188 | D:3      | Reached XP level 5. HP: 20/47 MP: 5/5
  2607 | D:3      | Noticed Natasha
  2616 | D:3      | Killed Natasha
  2666 | D:3      | Noticed Natasha
  2676 | D:3      | Killed Natasha
  2704 | D:3      | Noticed Jessica
  2711 | D:3      | Noticed Natasha
  2712 | D:3      | Killed Jessica
  2713 | D:3      | Reached skill level 5 in Fighting
  2713 | D:3      | Reached XP level 6. HP: 36/56 MP: 6/6
  2723 | D:3      | Killed Natasha
  3120 | D:4      | Found a bloodstained altar of Trog.
  3121 | D:4      | Noticed a wizard
  3126 | D:4      | Killed a wizard
  3226 | D:4      | Noticed Ijyb
  3236 | D:4      | Killed Ijyb
  3281 | D:4      | Found Heolodda's General Store.
  3297 | D:4      | Found Feifosew's Book Shop.
  3308 | D:4      | Reached skill level 5 in Axes
  3397 | D:4      | Found Eddis's Book Boutique.
  3572 | D:4      | Found Rovvagemn's Antique Armour Shoppe.
  3575 | D:4      | Bought a shiny chain mail for 165 gold pieces
  3592 | D:4      | Identified a scroll of acquirement
  3592 | D:4      | Acquired a manual of Axes
  3848 | D:5      | Entered Level 5 of the Dungeon
  3884 | D:5      | Reached skill level 5 in Armour
  3884 | D:5      | Reached skill level 5 in Shields
  3913 | D:5      | Noticed Sigmund
  3923 | D:5      | Reached XP level 7. HP: 56/62 MP: 7/7
  3930 | D:5      | Killed Sigmund
  3931 | D:5      | Reached skill level 6 in Axes
  4005 | D:5      | Found an iron altar of Okawaru.
  4177 | D:5      | Found a basalt altar of Yredelemnul.
  4234 | D:5      | Found a hazy altar of Hepliaklqana.
  4395 | D:5      | Reached skill level 7 in Axes
  4438 | D:5      | Found an ancient bone altar of Kikubaaqudgha.
  4444 | D:5      | Reached XP level 8. HP: 68/71 MP: 8/8
  4596 | D:5      | Found a glowing golden altar of the Shining One.
  4598 | D:5      | Noticed an angel
  4866 | D:6      | Reached skill level 8 in Axes
  4929 | D:6      | Found a radiant altar of Vehumet.
  5075 | D:6      | Found a sparkling altar of Nemelex Xobeh.
  5243 | D:6      | Noticed Prince Ribbit
  5254 | D:6      | Killed Prince Ribbit
  5269 | D:6      | Reached skill level 9 in Axes
  5576 | D:7      | Found a glowing silver altar of Zin.
  5583 | D:7      | Reached XP level 9. HP: 70/79 MP: 9/9
  5599 | D:7      | Found a transporter.
  5667 | D:7      | Found a staircase to the Ecumenical Temple.
  5695 | D:7      | Reached skill level 10 in Axes
  5727 | Temple   | Entered the Ecumenical Temple
  6019 | D:7      | Found a transporter.
  6021 | D:7      | Found a flagged portal.
  6045 | Bailey   | Entered a bailey
  6175 | Bailey   | Noticed a kobold demonologist
  6187 | Bailey   | Noticed a smoke demon
  6188 | Bailey   | Killed a kobold demonologist
  6443 | Bailey   | Found an iron altar of Okawaru.
  6443 | Bailey   | Noticed an orc knight
  6443 | Bailey   | Noticed an orc sorcerer
  6454 | Bailey   | Killed an orc sorcerer
  6455 | Bailey   | Reached skill level 11 in Axes
  6467 | Bailey   | Slain by an orc knight

Illustrated notes

Levels and vault maps discovered:
D:1:      mrwooster_arrival_statue_3, layout_basic, dreamdust_princess_corridor
D:2:      layout_rooms, serial_shops, nicolae_shop_stone,
          minmay_misc_feat_nine_boxes, chequers_avenue
D:3:      layout_basic, hex_tiny, minmay_gold_behind_fungi,
          minmay_curled_crystal, reono_crystal_passage, uniq_terence,
          uniq_jessica, uniq_natasha
D:4:      layout_basic, trog_wizard, serial_shops, nicolae_diamond_shop, shop,
          kennysheep_mini_moat, nicolae_shop_competitors_out_of_business,
          uniq_ijyb
D:5:      layout_cave_pools, marbit_many_paths,
          worldfamousw_hep_ancestral_shrine, okawaru_ov_weapons_minmay,
          grunt_temple_overflow_holy_war, minmay_misc_feat_four_crosses,
          uniq_sigmund
D:6:      layout_loops_ring, amcnicky_altar_gilded, nemelex_dance_club_becter,
          uniq_prince_ribbit1
D:7:      gammafunk_cloud_chamber, layout_basic, mainiacjoe_overflow_paths,
          kennysheep_mini, temple_pool_b, enter_bailey_2, serial_shops,
          nicolae_inconvenience_store, minmay_misc_feat_room,
          minmay_statues_item, uniq_joseph
Temple:   jpeg_temple_alley_garden
Bailey:   bailey_axe_of_yendor_kennysheep, bailey

Skill      XL: |  1  2  3  4  5  6  7  8  9 |
---------------+----------------------------+-----
Axes           | 3 4 5 7 9 11 | 11.7
Fighting       | 4 5 6 7 8 |  8.8
Armour         | 4 5 6 8 |  8.0
Shields        | 4 5 6 8 |  8.0

Action                   |  1- 3 |  4- 6 |  7- 9 || total
-------------------------+-------+-------+-------++-------
Melee: War axe           |   101 |       |       ||   101
       Hand axe          |    11 |   122 |   238 ||   371
  Use: Scroll            |     3 |     9 |     6 ||    18
       Potion            |       |     1 |     1 ||     2
Armor: Scale mail        |    66 |     7 |       ||    73
       Chain mail        |       |    41 |   107 ||   148
Dodge: Dodged            |    48 |    42 |    84 ||   174
Block: Buckler           |    30 |    24 |    50 ||   104

Table legend: (Time is in decaauts)
 A = Elapsed time spent in this place.
 B = Non-inter-level travel time spent in this place.
 C = Inter-level travel time spent in this place.
 D = Time resting spent in this place.
 E = Time spent auto-exploring this place.
 F = Levels seen in this place.
 G = Mean time per level.
                   A        B        C        D        E       F      G
               +--------+--------+--------+--------+--------+-----+--------+
         Total |   6534 |   6213 |    321 |    620 |   4402 |   9 |  726.0 |
       Dungeon |   5862 |   5594 |    268 |    389 |   4092 |   7 |  837.4 |
        Temple |    264 |    211 |     53 |      0 |    207 |   1 |  264.0 |
        Bailey |    407 |    407 |      0 |    231 |    103 |   1 |  407.0 |
               +--------+--------+--------+--------+--------+-----+--------+

Top non-repeatable levels by time:
     D:3: 1268 daAuts
     D:1: 1075 daAuts
     D:6: 905 daAuts
     D:4: 848 daAuts
     D:5: 802 daAuts
     D:2: 749 daAuts
  Bailey: 407 daAuts
  Temple: 264 daAuts
     D:7: 213 daAuts
